 Dungeon Crawl Stone Soup version 0.23-a0-644-gb60d84b635 (webtiles) character file.

117692 K1ngMX the Peltast (level 16, -3/103 HPs)
             Began as a Gargoyle Fighter on Jan 2, 2019.
             Was the Champion of Okawaru.
             Slain by an ettin
             ... wielding a +0 dire flail
              (12 damage)
             ... on level 1 of the Depths.
             The game lasted 03:00:42 (31051 turns).

K1ngMX the Peltast (Gargoyle Fighter)              Turns: 31051, Time: 03:00:43

Health: -3/103     AC: 39    Str: 22    XL:     16   Next: 74%
Magic:  20/20      EV:  7    Int: 14    God:    Okawaru [******]
Gold:   998        SH: 21    Dex: 12    Spells: 12/20 levels left

rFire    + + .     SeeInvis +   t - +5 broad axe (elec)
rCold    + + .     Gourm    .   a - +1 large shield {rC+}
rNeg     + + +     Faith    .   h - +4 plate armour {rF+}
rPois    ∞         Spirit   .   s - +2 hat {SInv}
rElec    +         Reflect  .   L - scarf {rC+ rF+}
rCorr    .         Harm     .   d - +1 pair of gloves {Dex+3}
MR       ++++.     Clarity  +   W - +2 pair of boots {run}
Stlth    ..........             T - amulet of the Four Winds {rN+ MR+++ Clar}
HPRegen  0.27/turn              C - ring of positive energy
MPRegen  0.17/turn              n - +2 ring of evasion

@: quick
A: big wings, blurry vision 1, negative energy resistance 1, electricity
resistance, unbreathing, petrification resistance, rot immunity, AC +12
a: Fly, Heroism, Finesse, Renounce Religion


You were on level 1 of the Depths.
You worshipped Okawaru.
Okawaru was exalted by your worship.
You were not hungry.

You visited 4 branches of the dungeon, and saw 25 of its levels.
You also visited: Gauntlet and Ice Cave.

You collected 2628 gold pieces.
You spent 1630 gold pieces at shops.

Inventory:

Hand Weapons
 o - a +2 whip of electrocution
 t - a +5 broad axe of electrocution (weapon)
 G - a +3 broad axe of freezing
 Z - a +3 war axe of chopping
Missiles
 K - 4 throwing nets (quivered)
Armour
 a - a +1 large shield of cold resistance (worn)
 d - a +1 pair of gloves of dexterity (worn)
 h - a +4 plate armour of fire resistance (worn)
 l - a +0 helmet
 s - a +2 hat of see invisible (worn)
 B - a +0 cloak of magic resistance
 D - the -4 hat of the Untouchables {rC++ rCorr Str-3 Dex+3}
   (Okawaru gifted it to you on level 1 of the Lair of Beasts)

   It affects your strength (-3).
   It affects your dexterity (+3).
   It greatly protects you from cold.
   It provides partial protection from all sources of acid and corrosion.
 L - a scarf of resistance (worn)
 W - a +2 pair of boots of running (worn)
 Y - +0 ice dragon scales
Jewellery
 c - an uncursed ring of protection from magic {unknown}
 n - a +2 ring of evasion (right hand)
 x - an uncursed amulet of regeneration
 C - a ring of positive energy (left hand)
 N - an uncursed amulet of rage
 S - an uncursed ring of magical power
 T - the amulet of the Four Winds (around neck) {rN+ MR+++ Clar}
   (You bought it in a shop on level 2 of the Orcish Mines)

   [amulet of nothing]

   It protects you from negative energy.
   It affects your resistance to hostile enchantments.
   It protects you against confusion.
 X - a +4 ring of intelligence
Wands
 b - a wand of disintegration (12)
 r - a wand of acid (15)
 z - a wand of polymorph (7)
 I - a wand of iceblast (16)
Scrolls
 e - 2 scrolls of fog
 m - 23 scrolls of identify
 q - 4 scrolls of enchant weapon
 u - 3 scrolls of magic mapping
 v - a scroll of torment
 y - 7 scrolls of immolation
 A - 4 scrolls of fear
 F - 9 scrolls of teleportation
 H - 7 scrolls of blinking
 M - 2 scrolls of holy word
 P - 6 scrolls of remove curse
 V - 2 scrolls of silence
Potions
 g - 2 potions of berserk rage {unknown}
 i - 10 potions of lignification
 j - 2 potions of brilliance
 k - 4 potions of flight
 p - 5 potions of curing
 w - 4 potions of agility
 E - 3 potions of might
 O - a potion of ambrosia
 R - 6 potions of haste
Miscellaneous
 J - 2 phantom mirrors
 U - a box of beasts
Comestibles
 f - 38 rations
 Q - 12 chunks of flesh


   Skills:
 + Level 12.5 Fighting
 * Level 14.6(15.7) Axes
 - Level 10.9(14.5) Maces & Flails
 + Level 12.4 Armour
 + Level 15.2 Shields
 - Level 2.7 Spellcasting
 - Level 3.1 Charms
 - Level 4.2 Necromancy
 - Level 4.2 Earth Magic


You had 12 spell levels left.
You knew the following spells:

 Your Spells              Type           Power        Failure   Level  Hunger
a - Regeneration          Chrm/Necr      ##........   99%         3    ###....
b - Borgnjor's Vile Clut  Necr/Erth      ##........   100%        5    ######.

Your spell library contained the following spells:

 Spells                   Type           Power        Failure   Level  Hunger
 Animate Skeleton         Necr           N/A          83%         1    #......
 Pain                     Necr           ##..         83%         1    #......
 Vampiric Draining        Necr           ##........   99%         3    ###....
 Apportation              Tloc           #.....       100%        1    #......
 Beastly Appendage        Tmut           #.....       100%        1    #......
 Confusing Touch          Hex            #.....       100%        1    #......
 Magic Dart               Conj           #...         100%        1    #......
 Shock                    Conj/Air       #...         100%        1    #......
 Summon Small Mammal      Summ           #...         100%        1    #......
 Blink                    Tloc           N/A          100%        2    ###....
 Call Imp                 Summ           #.......     100%        2    ###....
 Ensorcelled Hibernation  Hex/Ice        #.....       100%        2    ###....
 Slow                     Hex            #.......     100%        2    ###....
 Sticks to Snakes         Tmut           #.......     100%        2    ###....
 Swiftness                Chrm/Air       #.......     100%        2    ###....
 Conjure Flame            Conj/Fire      #.......     100%        3    ###....
 Ignite Poison            Fire/Tmut/Pois #.......     100%        3    ###....
 Mephitic Cloud           Conj/Pois/Air  #.......     100%        3    ###....
 Recall                   Summ/Tloc      N/A          100%        3    ###....
 Spider Form              Tmut/Pois      #.........   100%        3    ###....
 Static Discharge         Conj/Air       #.......     100%        3    ###....
 Airstrike                Air            #.........   100%        4    #####..
 Animate Dead             Necr           N/A          100%        4    #####..
 Cause Fear               Hex            #.........   100%        4    #####..
 Ice Form                 Ice/Tmut       #.......     100%        4    #####..
 Blade Hands              Tmut           #.........   100%        5    ######.
 Fireball                 Conj/Fire      #.........   100%        5    ######.
 Lightning Bolt           Conj/Air       #.........   100%        5    ######.
 Silence                  Hex/Air        #.........   100%        5    ######.
 Yara's Violent Unravell  Hex/Tmut       #.........   100%        5    ######.
 Bolt of Fire             Conj/Fire      #.........   100%        6    #######
 Darkness                 Hex            #.........   100%        6    #######
 Death Channel            Necr           ##........   100%        6    #######
 Deflect Missiles         Chrm/Air       #.........   100%        6    #######
 Shadow Creatures         Summ           N/A          100%        6    #######
 Simulacrum               Ice/Necr       #.........   100%        6    #######
 Ring of Flames           Chrm/Fire      #.........   100%        7    #######
 Discord                  Hex            #.........   100%        8    #######
 Ignition                 Fire           #.........   100%        8    #######


Dungeon Overview and Level Annotations

Branches:
Dungeon (15/15)            Temple (0/1) D:7            Lair (6/6) D:11
 Shoals (0/4) Lair:4       Spider (0/4) Lair:2        Slime (0/5) Lair:6
    Orc (2/2) D:11            Elf (0/3) Orc:2        Vaults (0/5) D:13
 Depths (2/5) D:15

Altars:
Cheibriados
Fedhas
Hepliaklqana
Okawaru
Qazlal
Ru
Uskayaw
Wu Jian
Xom
Yredelemnul
Zin
Beogh
Jiyva
Lugonu

Shops:
D:9 *   D:14 }   Orc:2 :}=%   Depths:1 %(}}

Portals:
Hell: Depths:1
Abyss: Depths:1
Ziggurat: Depths:1

Annotations:
D:6 2 transporters, AnimeWaifu's ghost, amateur FeCj
D:10 2 runed doors, Wizop's ghost, novice FeBe


Innate Abilities, Weirdness & Mutations

You are resistant to torment.
Your stone body is resilient. (AC +12)
You are immune to poison.
Your large and strong wings let you fly indefinitely.
You resist negative energy. (rN+)
You are resistant to electric shocks. (rElec)
You can survive without breathing.
You are immune to petrification.
You are immune to rotting.
Scrolls take you a little longer to read.


Message History

The deep troll claws you but does no damage.
The deep troll bites you.
* * * LOW HITPOINT WARNING * * *
The deep troll claws you but does no damage. x2
The hell knight hits you but does no damage.
You block the ettin's attack.
The ettin hits you with a +0 dire flail!
* * * LOW HITPOINT WARNING * * *
Okay, then.
Really read with blurry vision while enemies are nearby?
Uppercase [Y]es or [N]o only, please.
Really read with blurry vision while enemies are nearby?
The deep troll barely misses you.
The deep troll claws you but does no damage. x2
You begin reading the scroll.
You continue reading the scroll.
You block the hell knight's attack. You block the deep troll's attack.
The deep troll claws you but does no damage. x2
The ettin hits you but does no damage.
The ettin hits you with a +0 dire flail!
You die...

.#..# ##..###.............. ##.##
#.....^.............. ##.#
##................... ##.##
##.................... ###.#
###..................... #####
#...(.....°............. .##
##...........°........... ..####
##.......T.°°°°..........#
.....###.......T@.○°°.°#...)>÷.##
...............C.p§☼°§○#.......#
.................°°○°°○°#.....##
....................°°°###..###
.......................# #.##
###.........)..........# ### #
##....?.((((........##
##....../(.(.......#
#..#.......(....###


You could see an ettin, a hell knight and 2 deep trolls.

Vanquished Creatures
  A tengu reaver (Depths:1)
  A frost giant (Depths:1)
  2 fire giants
  An orc warlord (Orc:1)
  2 stone giants (Depths:1)
  Nessos (Lair:6)
  A minotaur (Gauntlet)
  2 ettins (Depths:1)
  A merfolk javelineer (Depths:2)
  2 yaktaur captains
  A fire dragon (Depths:1)
  3 vault guards (D:13)
  A great orb of eyes (Depths:1)
  3 ice dragons (Depths:1)
  Harold (D:7)
  A rakshasa (Depths:1)
  3 catoblepae (Lair:6)
  4 hydras
  5 centaur warriors
  11 two-headed ogres
  A deep troll shaman (Depths:1)
  3 ogre magi (Depths:1)
  3 deep troll earth magi
  11 death yaks
  4 orc high priests
  Sonja (D:12)
  A spriggan berserker (Depths:1)
  A hell knight (Depths:1)
  A glowing orange brain (Depths:1)
  A deep troll (Depths:1)
  An unseen horror (shapeshifter) (D:15)
  2 large abominations (Gauntlet)
  Pikel (D:5)
  5 orc knights
  7 orc sorcerers
  12 ugly things
  3 cyclopes
  4 manticores
  A salamander (Depths:1)
  3 oklob plants (Lair:3)
  5 elephants (Lair:4)
  Joseph (D:7)
  2 ice statues (IceCv)
  Maurice (D:11)
  6 black mambas
  7 centaur skeletons
  A smoke demon (Depths:1)
  8 spiny frogs
  4 komodo dragons
  A gargoyle (D:15)
  3 kobold demonologists
  3 rime drakes
  An efreet (D:13)
  6 yaktaurs (D:15)
  6 ice devils (IceCv)
  A freezing wraith (D:15)
  2 polar bears
  7 trolls
  2 hornets
  9 blink frogs
  4 dream sheep (Lair:6)
  9 hippogriffs
  6 slime creatures
  2 vampires
  A redback (Lair:2)
  3 wyverns
  A shadow (D:13)
  40 yaks
  A ynoxinul (Gauntlet)
  4 fire bats (Depths:1)
  A water elemental (Depths:2)
  A wraith (D:13)
  A basilisk (Lair:2)
  4 small abominations (Gauntlet)
  2 wargs
  2 acid dragons
  A soldier ant (D:14)
  13 water moccasins
  5 porcupines
  36 orc warriors
  4 slaves (D:5)
  5 ice beasts
  2 phantoms
  2 black bears (D:10)
  3 sky beasts
  3 necrophages
  24 ogres
  14 crocodiles
  10 centaurs
  5 big kobolds
  11 bullfrogs
  Blork the orc (D:5)
  6 gnoll sergeants
  5 scorpions
  A wight (D:13)
  11 electric eels
  7 howler monkeys
  6 centaur zombies
  5 crimson imps
  A bullfrog skeleton (D:3)
  4 bullfrog zombies
  5 hounds
  5 jellies
  24 orc priests
  4 iron imps (Gauntlet)
  8 iguanas
  Jessica (D:2)
  19 orc wizards
  Ijyb (D:5)
  3 hell rats (Lair:1)
  Natasha (twice) (D:2)
  8 worker ants
  Terence (D:2)
  Robin (D:4)
  A worker ant zombie (D:9)
  8 gnolls
  9 adders
  A howler monkey skeleton (D:11)
  6 river rats (Lair:1)
  3 shadow imps
  19 white imps
  8 ufetubi (IceCv)
  2 oozes
  2 adder zombies
  3 worms
  2 dart slugs
  7 leopard geckos
  105 orcs
  3 ball pythons
  7 giant cockroaches
  5 goblins
  16 hobgoblins
  4 jackals (D:5)
  2 quokkas
  A ball python skeleton (D:4)
  8 bats
  8 frilled lizards
  A giant cockroach zombie (D:6)
  A jackal zombie (D:9)
  16 kobolds
  12 rats
  A fungus (Lair:6)
  6 plants
805 creatures vanquished.

Vanquished Creatures (others)
  A reaper (IceCv)
  A rime drake (shapeshifter) (Depths:1)
  A bullfrog zombie (D:13)
  A jelly (D:13)
  An orc priest (Orc:2)
  A white imp (IceCv)
  5 ufetubi (IceCv)
  A kobold (D:13)
  A bush (D:6)
  A fungus (Lair:4)
  13 plants
27 creatures vanquished.

Grand Total: 832 creatures vanquished

Notes
Turn   | Place    | Note
-------+----------+-------------------------------------------
     0 | D:1      | K1ngMX the Gargoyle Fighter began the quest for the Orb.
     0 | D:1      | Reached XP level 1. HP: 14/14 MP: 1/1
   338 | D:1      | Reached XP level 2. HP: 19/19 MP: 2/2
  1062 | D:2      | Noticed Natasha
  1072 | D:2      | Killed Natasha
  1072 | D:2      | Reached XP level 3. HP: 9/23 MP: 3/3
  1299 | D:2      | Reached XP level 4. HP: 28/28 MP: 4/4
  1759 | D:2      | Noticed Jessica
  1759 | D:2      | Noticed Natasha
  1778 | D:2      | Killed Natasha
  1781 | D:2      | Killed Jessica
  1781 | D:2      | Reached XP level 5. HP: 26/32 MP: 5/5
  1846 | D:2      | Noticed Terence
  1851 | D:2      | Killed Terence
  2061 | D:3      | Found a shimmering altar of Xom.
  2234 | D:3      | Found a faded altar of an unknown god.
  2267 | D:3      | Reached skill level 5 in Axes
  2710 | D:3      | Reached XP level 6. HP: 37/37 MP: 6/6
  3379 | D:4      | Found a basalt altar of Yredelemnul.
  3388 | D:4      | Found a hazy altar of Hepliaklqana.
  3391 | D:4      | Found a snail-covered altar of Cheibriados.
  3392 | D:4      | Found a stormy altar of Qazlal.
  3392 | D:4      | Found an iron altar of Okawaru.
  3392 | D:4      | Found a sacrificial altar of Ru.
  3397 | D:4      | Found a hide-covered altar of Uskayaw.
  3402 | D:4      | Became a worshipper of Warmaster Okawaru
  3658 | D:4      | Reached XP level 7. HP: 28/43 MP: 7/7
  4247 | D:4      | Noticed Robin
  4261 | D:4      | Killed Robin
  4376 | D:5      | Entered Level 5 of the Dungeon
  4658 | D:5      | Noticed Ijyb
  4672 | D:5      | Killed Ijyb
  5119 | D:5      | Noticed Blork the orc
  5138 | D:5      | Killed Blork the orc
  5138 | D:5      | Reached skill level 5 in Fighting
  5138 | D:5      | Reached skill level 5 in Armour
  5156 | D:5      | Reached XP level 8. HP: 49/49 MP: 8/8
  5358 | D:5      | Noticed Pikel
  5378 | D:5      | Killed Pikel
  5378 | D:5      | Reached * piety under Okawaru
  5625 | D:6      | Noticed a troll
  5680 | D:6      | Found a blossoming altar of Fedhas.
  5816 | D:5      | Reached skill level 1 in Maces & Flails
  5976 | D:6      | Reached XP level 9. HP: 51/56 MP: 9/9
  6027 | D:6      | Reached ** piety under Okawaru
  6218 | D:5      | Killed a troll
  6416 | D:6      | Noticed a hornet
  6422 | D:6      | Found a transporter.
  6436 | D:6      | Found a transporter.
  6438 | D:6      | Noticed AnimeWaifu's ghost (amateur FeCj)
  6641 | D:6      | Reached skill level 5 in Maces & Flails
  7054 | D:7      | Noticed Harold
  7072 | D:7      | Killed Harold
  7072 | D:7      | Reached *** piety under Okawaru
  7072 | D:7      | Reached XP level 10. HP: 39/64 MP: 7/10
  7258 | D:7      | Noticed Joseph
  7294 | D:7      | Killed Joseph
  7310 | D:7      | Found an ornate altar of the Wu Jian Council.
  7354 | D:7      | Found a staircase to the Ecumenical Temple.
  7686 | D:7      | Reached **** piety under Okawaru
  8695 | D:9      | Found a glowing silver altar of Zin.
  9015 | D:9      | Got a distressingly furry scale mail
  9277 | D:9      | Identified the +1 scale mail of Wutiocau {rF+ Int+4} (You
                  | found it on level 9 of the Dungeon)
  9361 | D:9      | Found Leomys's Assorted Antiques.
  9364 | D:9      | Bought a dark potion for 18 gold pieces
  9561 | D:9      | Reached ***** piety under Okawaru
  9561 | D:9      | Received a gift from Okawaru
  9610 | D:10     | Entered Level 10 of the Dungeon
  9727 | D:10     | Found a large runed door.
  9727 | D:10     | Found a large runed door.
  9727 | D:10     | Noticed a white ugly thing
  9759 | D:10     | Killed a white ugly thing
  9759 | D:10     | Reached XP level 11. HP: 71/71 MP: 8/11
  9897 | D:10     | Reached skill level 4 in Shields
 10201 | D:10     | Reached skill level 5 in Shields
 10428 | D:10     | Noticed Wizop's ghost (novice FeBe)
 10931 | D:11     | Reached skill level 6 in Shields
 10981 | D:11     | Found a staircase to the Orcish Mines.
 11045 | D:11     | Reached skill level 7 in Shields
 11218 | D:11     | Noticed Maurice
 11222 | D:11     | Noticed a two-headed ogre
 11238 | D:11     | Killed a two-headed ogre
 11238 | D:11     | Reached skill level 8 in Shields
 11257 | D:11     | Killed Maurice
 11257 | D:11     | Received a gift from Okawaru
 11331 | D:11     | Reached skill level 9 in Shields
 11367 | D:11     | Found a staircase to the Lair.
 11369 | D:11     | Noticed a yaktaur captain
 11369 | D:11     | Noticed a deep troll earth mage
 11385 | D:11     | Killed a yaktaur captain
 11385 | D:11     | Reached ****** piety under Okawaru
 11396 | D:11     | Killed a deep troll earth mage
 11396 | D:11     | Reached skill level 10 in Shields
 11601 | D:11     | Noticed a fire giant
 11604 | D:11     | HP: 3/71 [fire giant/bolt of fire (61)]
 11763 | Lair:1   | Entered Level 1 of the Lair of Beasts
 11948 | Lair:1   | Reached XP level 12. HP: 76/76 MP: 12/12
 11990 | Lair:1   | Received a gift from Okawaru
 11990 | Lair:1   | Reached skill level 11 in Shields
 12084 | Lair:1   | Got an encrusted hat {god gift}
 12095 | Lair:1   | Identified the -4 hat of the Untouchables {rC++ rCorr Str-3
                  | Dex+3} (Okawaru gifted it to you on level 1 of the Lair of
                  | Beasts)
 13145 | Lair:2   | Found a hole to the Spider Nest.
 13169 | Lair:2   | Noticed an eight-headed hydra
 13184 | Lair:2   | Killed an eight-headed hydra
 14108 | Lair:3   | Found a gate leading to a gauntlet.
 14112 | Gauntlet | Entered a Gauntlet
 14112 | Gauntlet | Found a transporter.
 14112 | Gauntlet | Found a transporter.
 14116 | Gauntlet | Found a transporter.
 14116 | Gauntlet | Found a transporter.
 14125 | Gauntlet | Found a transporter.
 14145 | Gauntlet | Found a transporter.
 14165 | Gauntlet | Found a transporter.
 14166 | Gauntlet | Found the +0 Maxwell's etheric cage {RegenMP+ *Contam rElec
                  | MP+4}
 14172 | Gauntlet | Noticed a thrashing horror
 14172 | Gauntlet | Noticed a thrashing horror
 14174 | Gauntlet | Found a transporter.
 14177 | Gauntlet | Found a transporter.
 14177 | Gauntlet | Found a transporter.
 14266 | Gauntlet | Reached skill level 12 in Shields
 14321 | Gauntlet | Found a transporter.
 14871 | Gauntlet | Found a transporter.
 14881 | Gauntlet | Found a transporter.
 14948 | Gauntlet | Identified a scroll of acquirement
 15001 | Gauntlet | Noticed a minotaur
 15018 | Gauntlet | Killed a minotaur
 15277 | Lair:3   | Reached skill level 10 in Fighting
 15671 | Lair:3   | Reached skill level 10 in Armour
 15988 | Lair:3   | Reached skill level 10 in Maces & Flails
 16349 | Lair:4   | Reached XP level 13. HP: 83/83 MP: 13/13
 16367 | Lair:4   | Received a gift from Okawaru
 16367 | Lair:4   | Reached skill level 13 in Shields
 16776 | Lair:4   | Found a staircase to the Shoals.
 17853 | Lair:5   | Reached skill level 14 in Shields
 18048 | Lair:6   | Entered Level 6 of the Lair of Beasts
 18095 | Lair:6   | Noticed Nessos
 18134 | Lair:6   | Killed Nessos
 18192 | Lair:6   | Received a gift from Okawaru
 18295 | Lair:6   | Got a polished plate armour
 18316 | Lair:6   | Identified the cursed +0 plate armour "Kiv Owy" {*Corrode
                  | rPois rC- Dex+6} (You found it on level 6 of the Lair of
                  | Beasts)
 18493 | Lair:6   | Found a viscous altar of Jiyva.
 18521 | Lair:6   | Found a staircase to the Slime Pits.
 18590 | Lair:6   | Gained mutation: Your large and strong wings let you fly
                  | indefinitely. [Gargoyle growth]
 18590 | Lair:6   | Reached XP level 14. HP: 87/90 MP: 14/14
 19046 | Lair:6   | Received a gift from Okawaru
 19296 | Lair:6   | Reached skill level 10 in Axes
 20011 | Orc:1    | Entered Level 1 of the Orcish Mines
 20020 | Orc:1    | Found a frozen archway.
 20031 | IceCv    | Entered an ice cave
 20397 | IceCv    | Noticed a reaper
 20424 | IceCv    | Killed a reaper
 20494 | IceCv    | Got a fine demon blade
 20512 | IceCv    | Identified the +9 demon blade "Quemao" {flame, rC+ MR-
                  | Str+4 Int+6} (You found it in an ice cave)
 21177 | Orc:2    | Entered Level 2 of the Orcish Mines
 21195 | Orc:2    | Noticed an orc warlord
 21206 | Orc:2    | Received a gift from Okawaru
 21340 | Orc:1    | Killed an orc warlord
 21841 | Orc:2    | Found a staircase to the Elven Halls.
 22319 | Orc:2    | Found Bireiguo's Gadget Shop.
 22319 | Orc:2    | Found Giyrid's Book Emporium.
 22323 | Orc:2    | Reached XP level 15. HP: 95/95 MP: 15/15
 22324 | Orc:2    | Found Vekix's Food Shop.
 22324 | Orc:2    | Found Gykkoove's Jewellery Emporium.
 22462 | Orc:2    | Bought the amulet of the Four Winds {rN+ MR+++ Clar} for
                  | 702 gold pieces
 22462 | Orc:2    | Found the amulet of the Four Winds {rN+ MR+++ Clar}
 22470 | Orc:2    | Bought a book of Fire for 910 gold pieces
 22474 | Orc:2    | Learned a level 3 spell: Regeneration
 22480 | Orc:2    | Learned a level 5 spell: Borgnjor's Vile Clutch
 23218 | D:11     | Reached skill level 1 in Earth Magic
 23224 | D:11     | Found a roughly hewn altar of Beogh.
 23227 | D:11     | Reached skill level 1 in Necromancy
 23287 | D:11     | Killed a fire giant
 23287 | D:11     | Received a gift from Okawaru
 23287 | D:11     | Reached skill level 1 in Charms
 23538 | D:12     | Noticed Sonja
 23557 | D:12     | Killed Sonja
 23712 | D:12     | Reached skill level 1 in Spellcasting
 24343 | D:12     | Found a runed door.
 24484 | D:12     | Gained mutation: Scrolls take you a little longer to read.
                  | [a neqoxec]
 24806 | D:12     | Found a roughly hewn altar of Beogh.
 25179 | D:13     | Got a twisted robe
 26110 | D:13     | Found a gate to the Vaults.
 26498 | D:14     | Found Dick's Gadget Shoppe.
 26598 | D:14     | You fall through a shaft!
 26598 | D:15     | Entered Level 15 of the Dungeon
 26754 | D:15     | Received a gift from Okawaru
 26788 | D:15     | Identified the cursed +0 robe of the Pink Corner {+Blink}
                  | (You found it on level 13 of the Dungeon)
 27100 | D:15     | Found a staircase to the Depths.
 27466 | Depths:1 | Entered Level 1 of the Depths
 27474 | Depths:1 | Reached XP level 16. HP: 101/101 MP: 20/20
 27697 | Depths:1 | Found a corrupted altar of Lugonu.
 27697 | Depths:1 | Found a one-way gate to the infinite horrors of the Abyss.
 27700 | Depths:1 | Found Reekhlue's Gadget Emporium.
 28173 | Depths:1 | Found Uffusm's Food Boutique.
 28215 | Depths:1 | Noticed a tengu reaver
 28258 | Depths:1 | Killed a tengu reaver
 28669 | Depths:1 | Received a gift from Okawaru
 28915 | Depths:1 | Identified a +2 pair of boots of running (Okawaru gifted it
                  | to you on level 1 of the Depths)
 28926 | Depths:1 | Found Viuw's Weapon Emporium.
 28936 | Depths:1 | Reached skill level 15 in Shields
 29175 | Depths:1 | Found a gateway to a ziggurat.
 29189 | Depths:1 | Found Yfaptumn's Gadget Boutique.
 29591 | Depths:1 | Found a gateway to Hell.
 30119 | Depths:2 | Noticed a caustic shrike
 31051 | Depths:1 | Slain by an ettin

Vault maps used:
D:1:      lemuel_arrival_rhombus
D:2:      first_ration, serial_bayou_pond_e, minmay_pentomino_q2, uniq_terence,
          uniq_jessica, uniq_natasha
D:3:      minmay_razor_zed, xom_teletrap_fun, chequers_ecumenical_altar_simple
D:4:      minitemple, uniq_robin
D:5:      uniq_pikel, uniq_ijyb, uniq_blork_the_orc
D:6:      gammafunk_ghost_hive, chequers_mini_garden, serial_park_tiny_2,
          fedhas_altar_decomposition
D:7:      cheibrodos_two_vegetables, lemuel_coloured_pillars_altar,
          temple_statues, grunt_ogre_cave, uniq_harold, uniq_joseph
D:9:      serial_shops, kennysheep_mini, basic_altar, grunt_ministairs_2,
          minmay_unpleasant_kobolds
D:10:     ebering_ghost_disaster_area
D:11:     minmay_glassy_protrusions, lair_entry_dummy,
          kennysheep_orc_monster_closet_entryway, special_room, uniq_maurice
D:12:     lightli_church_of_beogh, uniq_sonja
D:13:     lightli_vaults_fourway_checkpoint
D:14:     serial_shops, nicolae_shop_trees
D:15:     grunt_enter_depths_snipers, minmay_misc_feat_ornament
Lair:1:   kennysheep_abandoned_house
Lair:2:   spider_nest_entry_a, serial_bayou, serial_bayou_pond_c,
          serial_bayou_pond_b, serial_bayou_pond_b, serial_bayou_pond_b
Lair:3:   gauntlet_entry_generic, grunt_megastairs_5,
          infiniplex_staircase_pool_2, minmay_lair_oklob_chamber
Lair:4:   minmay_shoals_entry_beasts
Lair:5:   chequers_serial_rivers_micro_d, grunt_megastairs_1
Lair:6:   evilmike_catoblepas_cave, slime_altar_1, uniq_nessos
Orc:1:    portal_ice_cave_entry_imps, nicolae_orc_lava_tube
Orc:2:    grunt_orc_tribal_feast
Depths:1: enter_ziggurat_d, serial_shops, shop, shop,
          nicolae_shop_window_shopping, shop, hellmouth_1,
          abyss_entry_flame_altar, kennysheep_donut, lemuel_nasty_fountain
Depths:2: nicolae_legendary_halls, hangedman_coc_ice_floe,
          infiniplex_staircase_zigzag_5
IceCv:    ice_cave_small_demon
Gauntlet: gammafunk_gauntlet_branching

Skill      XL: |  1  2  3  4  5  6  7  8  9 10 11 12 13 14 15 16 |
---------------+-------------------------------------------------+-----
Axes           | 2 3 4 5 6 7 8 12 13 14 | 14.6
Fighting       | 4 5 6 7 9 10 11 12 | 12.5
Armour         | 4 5 6 7 9 10 11 12 | 12.4
Maces & Flails | 2 6 9 10 | 10.9
Shields        | 10 12 14 15 | 15.2
Earth Magic    | 4 |  4.2
Necromancy     | 4 |  4.2
Charms         | 3 |  3.1
Spellcasting   | 2 |  2.7

Action                   |  1- 3 |  4- 6 |  7- 9 | 10-12 | 13-15 | 16-18 || total
-------------------------+-------+-------+-------+-------+-------+-------++-------
Melee: War axe           |    74 |   198 |   253 |       |   251 |       ||   776
       Whip              |       |       |   182 |  1245 |   424 |       ||  1851
       Punch             |       |       |     1 |     1 |       |       ||     2
       Broad axe         |       |       |       |       |   842 |   268 ||  1110
Throw: Stone             |       |     2 |     9 |       |       |       ||    11
       Throwing net      |       |       |       |       |     1 |       ||     1
Invok: Heroism           |       |       |     3 |    13 |    14 |     5 ||    35
       Finesse           |       |       |       |       |     2 |       ||     2
Evoke: Wand              |       |       |       |       |     1 |       ||     1
  Use: Potion            |       |     2 |     1 |     3 |     2 |     3 ||    11
       Scroll            |       |       |    11 |    12 |     6 |     2 ||    31
  Eat: Chunk             |     1 |     8 |    12 |    19 |    28 |     4 ||    72
       Ration            |       |       |       |     3 |     3 |     2 ||     8
Armor: Plate armour      |    53 |   176 |   298 |   485 |   646 |   217 ||  1875
Dodge: Dodged            |    16 |    70 |   139 |   224 |   187 |    67 ||   703
Block: Shield            |    18 |       |       |   236 |       |       ||   254
       Large shield      |       |       |       |    73 |  1329 |   349 ||  1751

Table legend:
 A = Non-vault XP
 B = Vault XP
 C = Vault XP percentage of total XP
 D = Non-vault monster count
 E = Vault monster count
 F = Vault count percentage of total count
                 A         B        C        D         E       F
            +---------+---------+-------+---------+---------+-------
      Total |  105091 |   63041 |  37.5 |     527 |     269 |  33.8
            +---------+---------+-------+---------+---------+-------
        D:1 |      27 |       0 |   0.0 |      15 |       0 |   0.0
        D:2 |      82 |     104 |  55.9 |      19 |       3 |  13.6
        D:3 |     181 |      14 |   7.2 |      22 |       7 |  24.1
        D:4 |     325 |      37 |  10.2 |      20 |      12 |  37.5
        D:5 |     873 |     749 |  46.2 |      23 |       3 |  11.5
        D:6 |     874 |     284 |  24.5 |      15 |       4 |  21.1
        D:7 |     779 |    2041 |  72.4 |      17 |      12 |  41.4
        D:8 |     874 |       0 |   0.0 |      15 |       0 |   0.0
        D:9 |    1231 |     443 |  26.5 |      15 |      12 |  44.4
       D:10 |    2000 |       0 |   0.0 |      13 |       0 |   0.0
       D:11 |    3190 |    7389 |  69.8 |      20 |      50 |  71.4
       D:12 |    7854 |    3698 |  32.0 |      34 |      14 |  29.2
       D:13 |    6057 |    4343 |  41.8 |      33 |      10 |  23.3
       D:14 |     856 |       0 |   0.0 |       5 |       0 |   0.0
       D:15 |    9498 |    2277 |  19.3 |      25 |       3 |  10.7
     Lair:1 |    2146 |     567 |  20.9 |      10 |      15 |  60.0
     Lair:2 |    1180 |    1908 |  61.8 |       5 |       5 |  50.0
     Lair:3 |    2236 |    1567 |  41.2 |      12 |       3 |  20.0
     Lair:4 |    7958 |     772 |   8.8 |      28 |       2 |   6.7
     Lair:5 |    2299 |    3695 |  61.6 |       9 |       6 |  40.0
     Lair:6 |    8500 |   13522 |  61.4 |      34 |      24 |  41.4
      Orc:1 |    6737 |     123 |   1.8 |      53 |      12 |  18.5
      Orc:2 |    1163 |    7692 |  86.9 |      31 |      29 |  48.3
   Depths:1 |   36898 |    4021 |   9.8 |      52 |       5 |   8.8
   Depths:2 |    1273 |       0 |   0.0 |       2 |       0 |   0.0
      IceCv |       0 |    4157 | 100.0 |       0 |      24 | 100.0
   Gauntlet |       0 |    3638 | 100.0 |       0 |      14 | 100.0
            +---------+---------+-------+---------+---------+-------
